AoeStats
← TheBunjiMunji

Arena

510346139Analyzed
3v3 RM · 15h ago on Sep 30, 2026· 45m 39s· 6 players
Game mode
Random Map
Map size
Normal (6 player)
Population
200
Speed
Normal
Resources
Standard
Victory
Conquest
Starting age
Dark Age
Ending age
Imperial Age
RankedLock teamsTeams togetherTeam positionsShared explorationLock speedFull tech treeHidden civsTurbo modeCheats
Victory
Defeat
🇿🇦 Maya · South Africa
971
+12
🇿🇦 Franks · South Africa
893
+15
🇬🇧 Malay · United Kingdom
840
+18
🇨🇴 Bohemians · Colombia
886
-15
🇫🇷 Teutons · France
886
-15
🇬🇧 Goths · United Kingdom
876
-15
Rislo69
11:16 Feudal Age
15:53 Castle Age
14:40 Double-Bit Axe
14:47 Horse Collar
30:32 Imperial Age
27:49 Loom
27:51 Town Watch
28:31 Heavy Plow
29:52 Wheelbarrow
31:09 Town Patrol
31:29 Hand Cart
31:36 Bloodlines
32:07 Bow Saw
33:12 Chemistry
33:04 Crop Rotation
33:07 Conscription
33:54 Cavalier
35:00 Caravan
34:50 Elite Teutonic Knight
36:10 Forging
36:01 Padded Archer Armor
36:02 Scale Mail Armor
36:08 Scale Barding Armor
38:49 Iron Casting
40:42 Ironclad
39:53 Elite Skirmisher
40:37 Squires
40:23 Arson
39:59 Pikeman
41:06 Gambesons
41:52 Chain Mail Armor
42:38 Blast Furnace
Aeroingpierre
10:28 Feudal Age
16:24 Castle Age
15:46 Horse Collar
15:54 Double-Bit Axe
21:29 Loom
28:14 Imperial Age
27:02 Chemistry
26:23 Ballistics
26:09 Squires
27:55 Bow Saw
27:12 Pikeman
28:04 Forging
29:40 Wheelbarrow
29:50 Scale Mail Armor
31:22 Chain Mail Armor
31:42 Iron Casting
31:42 Wagenburg Tactics
33:22 Hand Cart
34:25 Houfnice
35:11 Heavy Plow
35:28 Masonry
36:21 Blast Furnace
37:04 Architecture
38:09 Husbandry
37:30 Cavalier
38:23 Scale Barding Armor
38:19 Light Cavalry
TheBunjiMunji
11:57 Feudal Age
16:36 Castle Age
14:51 Horse Collar
15:05 Double-Bit Axe
17:39 Heavy Plow
22:24 Bow Saw
27:50 Fletching
29:06 Bodkin Arrow
32:30 Loom
35:10 Ballistics
36:35 Wheelbarrow
37:26 Anarchy
38:28 Forging
38:19 Scale Mail Armor
38:43 Squires
40:33 Iron Casting
40:14 Chain Mail Armor
45:38 Imperial Age
43:24 Hand Cart
42:54 Town Watch
TornBee2533810
2:31 Loom
11:17 Feudal Age
18:05 Castle Age
22:09 Forging
25:06 Horse Collar
25:26 Double-Bit Axe
34:19 Imperial Age
33:49 Wheelbarrow
33:58 Bow Saw
37:37 Gold Mining
37:38 Stone Mining
38:49 Hand Cart
38:27 Fletching
38:44 Scale Barding Armor
39:15 Iron Casting
39:15 Pikeman
43:08 Heavy Scorpion
44:05 Husbandry
Root
12:57 Feudal Age
17:47 Castle Age
16:10 Double-Bit Axe
16:54 Stone Mining
17:04 Gold Mining
19:09 Bow Saw
28:01 Wheelbarrow
28:12 Forging
28:03 Scale Mail Armor
29:28 Iron Casting
32:55 Imperial Age
30:51 Chain Mail Armor
32:27 Gold Shaft Mining
32:39 Hand Cart
33:05 Elite Throwing Axeman
34:24 Hoardings
34:54 Blast Furnace
34:53 Plate Mail Armor
43:23 Squires
43:08 Arson
Ny9t
11:19 Feudal Age
15:17 Castle Age
13:43 Stone Mining
14:05 Double-Bit Axe
14:13 Horse Collar
20:23 Loom
23:14 Fletching
25:02 Wheelbarrow
26:27 Bodkin Arrow
26:56 Ballistics
26:51 Fervor
27:08 Padded Archer Armor
27:23 Heavy Plow
27:39 Bow Saw
27:37 Gold Mining
30:11 Leather Archer Armor
30:41 Hand Cart
30:11 Town Watch
32:16 Scale Mail Armor
32:27 Forging
32:22 Town Patrol
34:59 Imperial Age
33:15 Squires
32:36 Eagle Warrior
34:16 Thumb Ring
35:28 Hul'che Javelineers
35:56 Caravan
36:50 Conscription
36:38 Elite Plumed Archer
37:22 Bracer
37:53 Ring Archer Armor
37:08 Elite Skirmisher
38:32 Stone Shaft Mining
39:16 Chemistry
40:05 Ring Archer Armor
41:51 Hoardings
44:58 Iron Casting
44:38 Chain Mail Armor
Connection lost

Rejoining the realm…

Still unreachable

The connection could not be restored.

Session expired

The server has moved on; the page needs a fresh start.